 Dungeon Crawl Stone Soup version 0.28.0-62-gf88900778d (webtiles) character file.

Game seed: 8100095181676917610

259 cbfl8 the Chopper (level 5, -12/41 HPs)
             Began as a Demonspawn Fighter on July 7, 2023.
             Mangled by an ogre
             ... wielding a +0 giant club
              (19 damage)
             ... on level 4 of the Dungeon.
             The game lasted 00:02:24 (3243 turns).

cbfl8 the Chopper (Demonspawn Fighter)              Turns: 3243, Time: 00:02:25

Health: -12/41     AC:  9    Str: 17    XL:     5   Next: 95%
Magic:  5/5        EV:  6    Int:  9    God:
Gold:   179        SH:  5    Dex: 14    Spells: 4/4 levels left

rFire   . . .      SeeInvis .   a - +0 war axe
rCold   . . .      Faith    .   c - +0 buckler
rNeg    + . .      Spirit   .   h - +0 chain mail
rPois   .          Reflect  .   (no helmet)
rElec   .          Harm     .   (no cloak)
rCorr   .          Rampage  .   (no gloves)
Will    .....                   (no boots)
Stlth   ..........              (no amulet)
HPRegen 0.13/turn               g - ring of positive energy
MPRegen 0.09/turn               (no ring)

@: mighty
A: demonic guardian 1, ignite blood 1
a: no special abilities


You were on level 4 of the Dungeon.
You visited 2 branches of the dungeon, and saw 5 of its levels.

You collected 179 gold pieces.

Inventory:

Hand Weapons
 a - a +0 war axe (weapon)
Armour
 c - a +0 buckler (worn)
 h - a +0 chain mail (worn)
Jewellery
 g - a ring of positive energy (left hand)
Scrolls
 f - a scroll of teleportation {unknown}
Potions
 b - a potion of cancellation
 d - a potion of might
 e - 2 potions of heal wounds {unknown}
 i - a potion of lignification {unknown}
 j - 2 potions of brilliance {unknown}
 k - a potion of magic {unknown}
 m - 2 potions of attraction {unknown}


   Skills:
 + Level 3.4 Fighting
 + Level 3.5 Axes
 * Level 1.9 Throwing
 + Level 3.2 Armour
 + Level 0.6 Dodging
 + Level 0.1 Stealth
 + Level 3.4 Shields
 * Level 1.7 Evocations


You had 4 spell levels left.
You didn't know any spells.
Your spell library contained the following spells:

 Spells                   Type           Power      Damage    Failure   Level
 Animate Skeleton         Necr           0%         N/A       100%        1
 Pain                     Necr           0%         1d4       100%        1
 Vampiric Draining        Necr           0%         2d6       100%        3


Dungeon Overview and Level Annotations

Branches:
Dungeon (4/15)             Temple (1/1) D:4

Altars:
Ashenzari
Cheibriados
Dithmenos
Fedhas
Gozag
Kikubaaqudgha
Makhleb
Nemelex Xobeh
Okawaru
Qazlal
Ru
Sif Muna
Trog
Uskayaw
Vehumet
Wu Jian
Xom
Yredelemnul
The Shining One

Annotations:
D:3 2 transporters


Innate Abilities, Weirdness & Mutations

A weak demonic guardian rushes to your aid.
Your demonic aura sometimes causes spilled blood to erupt in flames.


Message History

You open the door.
There is an open door here.
There is an open door here.
There is a bloodstained altar of Trog here.
There is a shimmering altar of Xom here.
You open the door.
There is an open door here.
You open the door.
There is an open door here.
There is a radiant altar of Vehumet here.
You open the door.
There is an open door here.
You open the door.
There is an open door here.
Done exploring.
No target in view!
Done exploring.
No target in view!
Done exploring.
No target in view!
Done exploring.
Search for what [Enter for "."]?
There is an opulent altar of Gozag here.
You open the door.
There is an open door here.
There is an open door here.
You open the door.
There is an open door here.
There is a staircase back to the Dungeon here.
You climb upwards.
Welcome back to the Dungeon!
The ogre hits you with a +0 giant club!!
There is a staircase to the Ecumenical Temple, spattered with blood here.
You feel very mighty all of a sudden. The ogre closely misses you.
You barely miss the ogre. The ogre hits you with a +0 giant club!
* * * LOW HITPOINT WARNING * * *
A demonic guardian appears!
You barely miss the ogre.
The ogre hits you with a +0 giant club!!
You die...

#.##....#.#
........##.##....#.#
....[...##.##....#.#
........##.##...##.####
.......##.##......#... .
......##)##...#......
...###888##.##...#......
.....8.5.8..##...#......
##8.@....##...#......
#8..O8..##...#)..###
##888#...........+
###.....(.......#
###........#.##
#............ .
...(......#.## #
############.# #<#


You could see an ogre (ally target) and a friendly shadow imp (summoned).

Vanquished Creatures
  A phantom (D:3)
  A bullfrog (D:3)
  Terence (D:2)
  2 adders (D:2)
  A dart slug (D:1)
  3 ball pythons
  4 bats
  4 endoplasms
  3 giant cockroaches (D:1)
  6 goblins
  7 hobgoblins
  10 jackals
  12 kobolds
  A quokka (D:2)
  3 frilled lizards
  4 rats
63 creatures vanquished.

Notes
Turn   | Place    | Note
-------+----------+-------------------------------------------
     0 | D:1      | cbfl8 the Demonspawn Fighter began the quest for the Orb.
     0 | D:1      | Reached XP level 1. HP: 18/18 MP: 1/1
   147 | D:1      | Gained mutation: Your demonic aura sometimes causes spilled
                  | blood to erupt in flames. [demonic ancestry]
   147 | D:1      | Reached XP level 2. HP: 21/24 MP: 2/2
   650 | D:1      | Reached skill level 1 in Throwing
   650 | D:1      | Reached XP level 3. HP: 27/29 MP: 3/3
   672 | D:1      | Found a faded altar of an unknown god.
  1747 | D:2      | Noticed Terence
  1753 | D:2      | Reached XP level 4. HP: 25/35 MP: 4/4
  1753 | D:2      | Killed Terence
  1754 | D:2      | Reached skill level 1 in Evocations
  2401 | D:3      | Noticed a phantom
  2419 | D:3      | Killed a phantom
  2420 | D:3      | Gained mutation: A weak demonic guardian rushes to your
                  | aid. [demonic ancestry]
  2420 | D:3      | Reached XP level 5. HP: 35/41 MP: 5/5
  2634 | D:3      | Found a transporter.
  2685 | D:3      | Found a transporter.
  2976 | D:4      | Found a staircase to the Ecumenical Temple.
  2982 | D:4      | Noticed an ogre
  2991 | Temple   | Entered the Ecumenical Temple
  3243 | D:4      | Mangled by an ogre

Illustrated notes

Levels and vault maps discovered:
D:1:      beargit_arrival_diablo_church, layout_loops_ring,
          hellmonk_ecumenical_altar_dog_temple,
          nicolae_concentric_dashed_squares_wild
D:2:      layout_loops_ring, minmay_small_reverse_x, uniq_terence
D:3:      gammafunk_wand_slinger, layout_rooms
D:4:      corexii_shantytown, layout_basic, zin_scriptorium, lemuel_tele_altar,
          minmay_temple_entry_statues, minmay_ruined_shrine
Temple:   mainiacjoe_temple_bowtie_tessellation

Skill      XL: |  1  2  3  4 |
---------------+-------------+-----
Axes           | 2 3 |  3.5
Shields        | 3 |  3.4
Throwing       | 1 |  1.9
Evocations     | 1 |  1.7
Armour         | 3 |  3.2
Fighting       | |  3.4
Dodging        | |  0.6
Stealth        | |  0.1

Action                   |  1- 3 |  4- 6 || total
-------------------------+-------+-------++-------
Melee: War axe           |   127 |    77 ||   204
  Use: Scroll            |       |     3 ||     3
       Potion            |       |     1 ||     1
Armor: Scale mail        |    35 |       ||    35
       Chain mail        |    20 |    48 ||    68
Dodge: Dodged            |    50 |    32 ||    82
Block: Buckler           |    42 |    11 ||    53
